 Dungeon Crawl Stone Soup version 0.26-a0-394-g0b5ff556b1 (webtiles) character file.

Game seed: 2365916805604456908

107877 KristoblXynda the Grappler (level 16, -1/144 HPs)
             Began as a Troll Monk on July 23, 2020.
             Was the Champion of Ashenzari.
             Slain by Arachne
             ... wielding an uncursed staff of poison
              (26 damage)
             ... on level 3 of the Spider Nest.
             The game lasted 00:51:45 (27324 turns).

KristoblXynda the Grappler (Troll Monk)            Turns: 27324, Time: 00:51:46

Health: -1/144     AC: 27    Str: 28    XL:     16   Next: 1%
Magic:  21/22      EV: 16    Int: 11    God:    Ashenzari [******]
Gold:   1050       SH: 13    Dex: 12    Spells: 15/24 levels left

rFire    . . .     SeeInvis +     - Unarmed
rCold    . . .     Faith    .   d - +1 kite shield of Okawaru's Indignation {Str+5} (curse)
rNeg     . . .     Spirit   .   q - quicksilver dragon scales (curse)
rPois    .         Reflect  .   H - +1 hat
rElec    .         Harm     .   D - +2 cloak "Giudilon" {MR+} (curse)
rCorr    .         Clarity  +   (gloves unavailable)
MR       +++..                  (boots unavailable)
Stlth    +.........             (no amulet)
HPRegen  0.74/turn              u - +4 ring of protection
MPRegen  0.18/turn              F - ring of wizardry (curse)

@: studying 2 skills
A: large, unfitting armour, claws 3, regeneration 1, shaggy fur 1, tough skin 3
a: Curse Item, Scrying, Transfer Knowledge, Renounce Religion


You were on level 3 of the Spider Nest.
You worshipped Ashenzari.
Ashenzari was exalted by your worship.
You visited 6 branches of the dungeon, and saw 27 of its levels.
You also visited: Gauntlet and Volcano.

You collected 2845 gold pieces.
You spent 1795 gold pieces at shops.

Inventory:

Hand Weapons
 s - the +6 shillelagh "Devastator" {shatter}
   (You bought it in a shop on level 7 of the Dungeon)
Armour
 d - the cursed +1 kite shield of Okawaru's Indignation (worn) {Str+5}
   (You bought it in a shop on level 12 of the Dungeon)

   It affects your strength (+5).
   It has a curse placed upon it.
 q - cursed quicksilver dragon scales (worn)
 D - the cursed +2 cloak "Giudilon" (worn) {MR+}
   (You found it in a Gauntlet)

   It affects your resistance to hostile enchantments.
   It has a curse placed upon it.
 H - a +1 hat (worn)
Jewellery
 u - a +4 ring of protection (left claw)
 z - a +6 ring of intelligence
 E - an uncursed ring of protection from fire
 F - a cursed ring of wizardry (right claw)
 J - an uncursed ring of flight
 L - an uncursed ring of positive energy
Wands
 l - a wand of iceblast (4)
 w - a wand of digging (2)
 y - a wand of acid (9)
 K - a wand of clouds (3)
Scrolls
 a - 7 scrolls of identify
 b - 4 scrolls of immolation
 c - 7 scrolls of amnesia
 f - 2 scrolls of fear
 g - 5 scrolls of enchant armour
 h - 4 scrolls of blinking
 k - 5 scrolls of teleportation
 r - 2 scrolls of magic mapping
 I - 2 scrolls of remove curse
Potions
 e - 3 potions of ambrosia
 i - 3 potions of haste
 m - 2 potions of might
 n - 7 potions of curing
 o - 3 potions of mutation
 p - 8 potions of brilliance
 v - 6 potions of lignification
 x - 2 potions of magic
 A - 2 potions of invisibility
 B - 3 potions of stabbing
 C - 2 potions of resistance
Books
 j - a manual of Earth Magic
 G - a manual of Armour


   Skills:
 - Level 5.8 Fighting
 - Level 3.1 Maces & Flails
 + Level 12.6(15.3) Armour
 - Level 10.5(13.3) Dodging
 - Level 1.0 Stealth
 - Level 6.6(9.7) Shields
 - Level 14.4 Unarmed Combat
 + Level 4.7 Spellcasting
 + Level 3.7 Transmutations
 + Level 11.0 Earth Magic
 - Level 7.1 Evocations


You had 15 spell levels left.
You knew the following spells:

 Your Spells              Type           Power        Failure   Level
a - Petrify               Tmut/Erth      ###.....     5%          4
b - Borgnjor's Vile Clut  Necr/Erth      ##........   32%         5

Your spell library contained the following spells:

 Spells                   Type           Power        Failure   Level
 Animate Skeleton         Necr           #.....       12%         1
 Apportation              Tloc           #.....       12%         1
 Corona                   Hex            #......      12%         1
 Foxfire                  Conj/Fire      #...         12%         1
 Summon Small Mammal      Summ           #...         12%         1
 Ensorcelled Hibernation  Hex/Ice        #.....       16%         2
 Confusing Touch          Hex            #.......     32%         3
 Conjure Flame            Conj/Fire      #.......     32%         3
 Frozen Ramparts          Ice            #.....       32%         3
 Gell's Gravitas          Tloc           #.........   32%         3
 Inner Flame              Hex/Fire       #.......     32%         3
 Animate Dead             Necr           #.........   69%         4
 Cause Fear               Hex            #.........   69%         4
 Sticky Flame             Conj/Fire      #.......     69%         4
 Yara's Violent Unravell  Hex/Tmut       #.........   78%         5
 Fireball                 Conj/Fire      #.........   95%         5
 Metabolic Englaciation   Hex/Ice        #.........   95%         5
 Silence                  Hex/Air        #.........   95%         5
 Summon Demon             Summ           #.........   95%         5
 Death Channel            Necr           #.........   100%        6
 Simulacrum               Ice/Necr       #.........   100%        6
 Discord                  Hex            #.........   100%        8


Dungeon Overview and Level Annotations

Branches:
Dungeon (14/15)            Temple (1/1) D:7            Lair (6/6) D:8
  Swamp (0/4) Lair:4       Spider (3/4) Lair:3        Slime (0/5) Lair:5
    Orc (2/2) D:9             Elf (1/3) Orc:2        Vaults (0/5) D:13
Volcano (visited)         Gauntlet (visited)

Altars:
Ashenzari
Cheibriados
Dithmenos
Elyvilon
Fedhas
Gozag
Hepliaklqana
Kikubaaqudgha
Makhleb
Nemelex Xobeh
Okawaru
Qazlal
Ru
Sif Muna
Trog
Uskayaw
Vehumet
Wu Jian
Xom
Zin
The Shining One

Shops:
D:7 ([!*   D:12 [   Orc:2 [[*}?[?*   Elf:1 !?(

Annotations:
D:14 Agnes
Spider:3 Arachne
Elf:1 Azrael


Innate Abilities, Weirdness & Mutations

You are too large for most types of armour.
You have claws for hands.
Your natural rate of healing is unusually fast.
You are covered in fur. (AC +1)
You have extremely tough skin. (AC +3)


Message History

Arachne mumbles some strange words.
Arachne blinks!
Evoke which item? (* to show all) (? for menu, Esc to quit)
Aiming: Corrosive Bolt
Press: ? - help, Shift-Dir - straight line, f/p - Arachne
Aim: Arachne, wielding a staff of poison (heavily wounded, covered in acid)
The bolt of acid hits Arachne!!
Arachne is splashed with acid.
Arachne is severely wounded.
Arachne stares at you and mumbles some strange words.
The poison arrow hits you!!
You are poisoned.
* * * LOW HITPOINT WARNING * * *
You feel better. You block Arachne's attack.
You scratch Arachne.
Arachne is severely wounded.
Arachne completely misses you.
You mangle Arachne!!
Arachne is severely wounded.
Arachne hits you but does no damage. Arachne envenoms you!!
You die...

#.#....##..#####^^#..##*******#
#^....##...#......#.....,*,,,,#
##..###...###.....##.....,,,,,,
#### #####$##..#.#,....#,,*,,,
#........^###,.#..#,,*{*,
#.^.......#,,,.#..#,{***,
#######...#,,*,*,,*,,{***
#........#*,******,,,,*,
##....H@.#*** **,,,*, ##.##..##
****,,*, ##*#...# *,,,,,*,
*#^....##*** **,,,,*,
#...^....,,* **,,***^
##..#.#...#* *,,** *,
#..####...# *,** ** ##>,**^.#.#
*** #,,,**####


You could see Arachne (corroded).

Vanquished Creatures
  Bai Suzhen (Spider:2)
  Gastronok (Lair:3)
  2 ghost moths
  A stone giant (Orc:1)
  2 entropy weavers
  A minotaur (Gauntlet)
  8 hydras
  2 catoblepae
  A centaur warrior (D:13)
  An ogre mage (D:13)
  A deep troll shaman (Lair:6)
  3 two-headed ogres
  5 death yaks (Lair:6)
  3 deep elf knights (Elf:1)
  3 orc high priests (Orc:2)
  Sonja (Orc:2)
  Urug (D:13)
  7 skeletal warriors
  An unseen horror (D:11)
  2 wizards (Gauntlet)
  A lindwurm (Lair:2)
  Pikel (D:6)
  10 orb spiders
  An oklob plant (Orc:1)
  4 orc knights (Orc:2)
  A deep elf mage (Elf:1)
  2 manticores
  15 wolf spiders
  2 cyclopes
  4 orc sorcerers (Orc:2)
  A moth of wrath (Spider:3)
  3 black mambas
  Joseph (D:9)
  4 gargoyles
  11 elephants
  A torpor snail (Lair:4)
  15 cane toads
  4 komodo dragons
  4 kobold demonologists (D:13)
  2 yaktaurs (D:13)
  4 rime drakes
  4 demonic crawlers
  3 red devils (Elf:1)
  4 trolls
  2 meliai (Lair:6)
  A queen bee (Lair:6)
  20 jumping spiders
  2 hornets
  5 polar bears
  A blink frog (shapeshifter) (Gauntlet)
  2 harpy skeletons (Volcano)
  11 hippogriffs
  4 dream sheep (Lair:6)
  5 blink frogs (Lair:1)
  2 flying skulls (Volcano)
  10 tarantellas
  26 redbacks
  An alligator skeleton (Volcano)
  4 water elementals (D:11)
  2 wyverns
  A vampire (D:13)
  4 shadows (Gauntlet)
  30 yaks
  4 basilisks
  4 vampire mosquitoes (D:13)
  Menkaure (D:7)
  2 acid dragons
  A warg (Orc:1)
  17 water moccasins
  5 porcupines
  21 orc warriors
  Duvessa (D:5)
  A black bear (Lair:5)
  3 sky beasts
  4 ice beasts
  13 ogres
  2 phantoms
  10 wolves
  8 centaurs
  7 crocodiles
  4 big kobolds
  13 bullfrogs
  A gnoll sergeant (D:7)
  Dowan (D:5)
  2 wyvern zombies
  A wyvern skeleton (D:13)
  4 scorpions
  31 killer bees
  21 wights
  5 electric eels
  3 howler monkeys
  2 spriggan skeletons (Volcano)
  3 centaur zombies
  A quasit (D:12)
  3 jellies
  18 orc priests
  27 orc wizards
  Crazy Yiuf (D:6)
  A gnoll shaman (D:4)
  4 bullfrog skeletons
  2 bullfrog zombies
  2 centaur skeletons
  11 hounds
  2 iguanas
  10 worker ants
  2 hound zombies
  A hound skeleton (D:6)
  10 gnolls
  13 adders
  4 shadow imps
  3 white imps
  7 ufetubi
  2 adder zombies
  3 adder skeletons
  A worm (D:2)
  2 dart slugs
  6 leopard geckos
  82 orcs
  6 giant cockroaches
  7 goblins
  6 hobgoblins
  4 jackals
  13 kobolds
  4 quokkas
  7 bats
  4 frilled lizards
  A quokka zombie (D:7)
  14 rats
761 creatures vanquished.

Vanquished Creatures (others)
  A hippogriff (D:10)
  A flying skull (Volcano)
  A scorpion (D:9)
  A jelly (D:7)
  A leopard gecko (D:7)
  A bush (Lair:6)
  12 fungi
  10 plants
28 creatures vanquished.

Grand Total: 789 creatures vanquished

Notes
Turn   | Place    | Note
-------+----------+-------------------------------------------
     0 | D:1      | KristoblXynda the Troll Monk began the quest for the Orb.
     0 | D:1      | Reached XP level 1. HP: 22/22 MP: 0/0
   201 | D:1      | Reached XP level 2. HP: 29/29 MP: 1/1
   577 | D:2      | Reached XP level 3. HP: 34/36 MP: 2/2
  1074 | D:3      | Reached skill level 4 in Unarmed Combat
  1293 | D:3      | Reached XP level 4. HP: 40/45 MP: 3/3
  1780 | D:3      | Reached XP level 5. HP: 53/53 MP: 4/4
  1826 | D:4      | Found a blossoming altar of Fedhas.
  1986 | D:4      | Reached skill level 5 in Unarmed Combat
  2111 | D:4      | Reached XP level 6. HP: 42/61 MP: 5/5
  2120 | D:4      | Got a pair of distressingly furry boots
  2638 | D:4      | Reached skill level 6 in Unarmed Combat
  2701 | D:4      | Reached XP level 7. HP: 64/68 MP: 6/6
  2773 | D:4      | Found a glowing golden altar of the Shining One.
  3017 | D:5      | Entered Level 5 of the Dungeon
  3253 | D:5      | Noticed Duvessa
  3254 | D:5      | Noticed Dowan
  3271 | D:5      | Killed Duvessa
  3271 | D:5      | Reached skill level 7 in Unarmed Combat
  3275 | D:5      | Killed Dowan
  3286 | D:5      | Reached XP level 8. HP: 74/79 MP: 7/7
  3442 | D:5      | Found an iron altar of Okawaru.
  3671 | D:5      | Identified the Tome of the Frigorific Entourage
  4350 | D:6      | Reached skill level 8 in Unarmed Combat
  4369 | D:6      | Reached skill level 5 in Fighting
  4369 | D:6      | Reached skill level 5 in Dodging
  4421 | D:6      | Reached skill level 1 in Armour
  4510 | D:6      | Found an opulent altar of Gozag.
  4515 | D:6      | Found a burning altar of Makhleb.
  4519 | D:6      | Found a sparkling altar of Nemelex Xobeh.
  4520 | D:6      | Noticed Pikel
  4544 | D:6      | Killed Pikel
  4544 | D:6      | Reached skill level 9 in Unarmed Combat
  4544 | D:6      | Reached XP level 9. HP: 70/88 MP: 8/8
  4951 | D:6      | Found a runed translucent door.
  4952 | D:6      | Noticed Crazy Yiuf
  5081 | D:6      | Killed Crazy Yiuf
  5247 | D:7      | Found Gikhlob's Antique Armour Shoppe.
  5250 | D:7      | Found Loorph's Distillery.
  5258 | D:7      | Bought a potion of lignification for 33 gold pieces
  5267 | D:7      | Found Pomuihig's General Store.
  5386 | D:7      | Reached skill level 10 in Unarmed Combat
  5442 | D:7      | Found a staircase to the Ecumenical Temple.
  5458 | Temple   | Entered the Ecumenical Temple
  5563 | Temple   | Became a worshipper of Ashenzari the Shackled
  5563 | Temple   | Reached * piety under Ashenzari
  5563 | Temple   | Reached ** piety under Ashenzari
  5676 | D:7      | Found Xebromu's Weapon Shop.
  5745 | D:7      | Found a hazy altar of Hepliaklqana.
  5818 | D:7      | Found a radiant altar of Vehumet.
  5818 | D:7      | Noticed Menkaure
  5830 | D:7      | Killed Menkaure
  5830 | D:7      | Reached skill level 1 in Evocations
  6141 | D:7      | Found a shimmering blue altar of Sif Muna.
  6307 | D:8      | Reached XP level 10. HP: 96/96 MP: 9/9
  6350 | D:8      | Paralysed by a hornet for 1 turns
  6585 | D:8      | Found a staircase to the Lair.
  6596 | D:8      | Noticed a +0 dagger
  6622 | D:8      | Found a hide-covered altar of Uskayaw.
  6622 | D:8      | Noticed a +0 dagger
  7549 | D:9      | Noticed Joseph
  7588 | D:9      | Killed Joseph
  8039 | D:9      | Reached skill level 5 in Armour
  8217 | D:9      | Reached skill level 11 in Unarmed Combat
  8283 | D:9      | Found a staircase to the Orcish Mines.
  8410 | D:9      | Reached skill level 1 in Shields
  8505 | D:9      | Found a sacrificial altar of Ru.
  8505 | D:9      | Found an ornate altar of the Wu Jian Council.
  8505 | D:9      | Found a snail-covered altar of Cheibriados.
  8716 | D:9      | Noticed a four-headed hydra
  8790 | D:9      | Killed a four-headed hydra
  8790 | D:9      | Reached XP level 11. HP: 102/102 MP: 10/10
  8844 | D:10     | Entered Level 10 of the Dungeon
  9323 | D:10     | Reached *** piety under Ashenzari
  9703 | D:10     | Got the flail "Mudeupp" {venom, MP+9 Int+6}
  9861 | D:11     | Identified the +3 flail "Mudeupp" {venom, MP+9 Int+6} (You
                  | found it on level 10 of the Dungeon)
  9968 | D:11     | Noticed a two-headed ogre
  9988 | D:11     | Killed a two-headed ogre
 10042 | D:11     | Noticed an eight-headed hydra
 10070 | D:11     | Killed an eight-headed hydra
 10202 | D:11     | Reached skill level 5 in Evocations
 10453 | D:11     | Noticed an unseen horror
 10463 | D:11     | Killed an unseen horror
 10757 | D:11     | Reached skill level 12 in Unarmed Combat
 11149 | D:12     | Found Egust's Antique Armour Shoppe.
 11154 | D:12     | Bought a jewelled kite shield for 218 gold pieces
 11154 | D:12     | Identified the +1 kite shield of Okawaru's Indignation
                  | {Str+5} (You bought it in a shop on level 12 of the
                  | Dungeon)
 11282 | D:12     | Noticed a skeletal warrior
 11283 | D:12     | Noticed a skeletal warrior
 11285 | D:12     | Noticed a skeletal warrior
 11285 | D:12     | Noticed a skeletal warrior
 11410 | Lair:1   | Entered Level 1 of the Lair of Beasts
 11518 | Lair:1   | Reached XP level 12. HP: 78/111 MP: 11/11
 12039 | Lair:1   | Reached skill level 5 in Shields
 12130 | Lair:1   | Noticed a seven-headed hydra
 12665 | Lair:2   | Reached **** piety under Ashenzari
 12736 | Lair:2   | Found a dark tunnel.
 12776 | Volcano  | Entered a volcano
 12790 | Volcano  | Learned a level 4 spell: Petrify
 12796 | Volcano  | Learned a level 5 spell: Borgnjor's Vile Clutch
 13498 | Lair:2   | Reached skill level 13 in Unarmed Combat
 14087 | Lair:3   | Found a gate leading to a gauntlet.
 14095 | Gauntlet | Entered a Gauntlet
 14095 | Gauntlet | Found a transporter.
 14095 | Gauntlet | Found a transporter.
 14106 | Gauntlet | Found a runed translucent door.
 14109 | Gauntlet | Found a transporter.
 14124 | Gauntlet | Found a transporter.
 14124 | Gauntlet | Found a transporter.
 14124 | Gauntlet | Found a transporter.
 14126 | Gauntlet | Found a transporter.
 14126 | Gauntlet | Found a transporter.
 14138 | Gauntlet | Found a transporter.
 14154 | Gauntlet | Found a transporter.
 14157 | Gauntlet | Noticed a death ooze
 14162 | Gauntlet | Identified the ring of Creativity {+Fly rF+ Str+4}
 14163 | Gauntlet | Found a runed translucent gate.
 14164 | Gauntlet | Found a transporter.
 14164 | Gauntlet | Found a runed translucent gate.
 14165 | Gauntlet | Found a runed translucent gate.
 14167 | Gauntlet | Noticed a reaper
 14178 | Gauntlet | Found a transporter.
 14197 | Gauntlet | Found a transporter.
 14212 | Gauntlet | Found a transporter.
 14301 | Gauntlet | Reached XP level 13. HP: 114/118 MP: 12/12
 14422 | Gauntlet | Got the uncursed cloak "Giudilon" {MR+}
 14438 | Gauntlet | Identified the +2 cloak "Giudilon" {MR+} (You found it in a
                  | Gauntlet)
 14452 | Gauntlet | Noticed a minotaur
 14464 | Gauntlet | Killed a minotaur
 14641 | Lair:3   | Reached skill level 10 in Dodging
 14734 | Lair:3   | Reached ***** piety under Ashenzari
 14895 | Lair:3   | Found the +7 Kryia's mail coat {PotionHeal*2 rC+}
 14917 | Lair:3   | Found a hole to the Spider Nest.
 14956 | Lair:3   | Noticed Gastronok
 14983 | Lair:3   | Killed Gastronok
 14983 | Lair:3   | Reached skill level 1 in Earth Magic
 15928 | Lair:4   | Found a staircase to the Swamp.
 16552 | Lair:5   | Found a staircase to the Slime Pits.
 17644 | Lair:6   | Entered Level 6 of the Lair of Beasts
 18116 | Lair:6   | Reached XP level 14. HP: 95/127 MP: 13/13
 18164 | Lair:6   | Reached skill level 14 in Unarmed Combat
 18320 | Lair:6   | Reached ****** piety under Ashenzari
 18541 | Lair:6   | Reached skill level 1 in Maces & Flails
 18570 | Lair:6   | Reached skill level 5 in Earth Magic
 19329 | D:7      | Bought the +6 shillelagh "Devastator" {shatter} for 660
                  | gold pieces
 19329 | D:7      | Found the +6 shillelagh "Devastator" {shatter}
 19463 | Orc:1    | Entered Level 1 of the Orcish Mines
 19508 | Orc:1    | Noticed a stone giant
 19570 | Orc:1    | Killed a stone giant
 19859 | Orc:2    | Entered Level 2 of the Orcish Mines
 19859 | Orc:2    | Found Gunoesm's Goods Gallery.
 19872 | Orc:2    | Found a staircase to the Elven Halls.
 20153 | Orc:2    | Found Achiesche's Assorted Antiques.
 20200 | Orc:2    | Found Yppuopna's Antique Armour Shop.
 20208 | Orc:2    | Found Kiwotoaw's Armour Boutique.
 20243 | Orc:2    | Noticed Sonja
 20260 | Orc:2    | Killed Sonja
 20560 | Orc:2    | Reached skill level 1 in Spellcasting
 20577 | Orc:2    | Reached skill level 10 in Armour
 20748 | Orc:2    | Found Kibb's Gadget Shop.
 20748 | Orc:2    | Found Dogifek's Magic Scroll Shoppe.
 20750 | Orc:2    | Found Uzebeley's Magic Scroll Shop.
 20750 | Orc:2    | Found Poef Col's Antique Armour Shoppe.
 20761 | Orc:2    | Bought a scroll of acquirement for 884 gold pieces
 20762 | Orc:2    | Acquired a manual of Earth Magic
 21630 | D:12     | Found a hide-covered altar of Uskayaw.
 22524 | D:13     | Found a gate to the Vaults.
 22555 | D:13     | Found a glowing silver altar of Zin.
 22610 | D:13     | Reached XP level 15. HP: 56/136 MP: 18/18
 23369 | D:13     | Noticed Urug
 23384 | D:13     | Killed Urug
 23485 | D:14     | Noticed Agnes
 23640 | Elf:1    | Entered Level 1 of the Elven Halls
 23822 | Elf:1    | Found Noewau's Distillery.
 23832 | Elf:1    | Found Rorreot's Magic Scroll Shop.
 23832 | Elf:1    | Found Zaughogua's Antique Weapon Boutique.
 23841 | Elf:1    | Noticed Azrael
 24227 | Spider:1 | Entered Level 1 of the Spider Nest
 24385 | Spider:1 | Reached skill level 1 in Transmutations
 24471 | Spider:1 | Noticed a ghost moth
 24491 | Spider:1 | Killed a ghost moth
 25428 | Spider:2 | Reached skill level 10 in Earth Magic
 26179 | Spider:3 | Noticed Bai Suzhen
 26215 | Spider:2 | Killed Bai Suzhen
 26904 | Spider:3 | Noticed a ghost moth
 26926 | Spider:3 | Killed a ghost moth
 26996 | Spider:3 | Reached XP level 16. HP: 47/144 MP: 10/22
 27275 | Spider:3 | Noticed Arachne
 27324 | Spider:3 | Slain by Arachne

Illustrated notes

Levels and vault maps discovered:
D:1:      eino_arrival_cavern_c, layout_basic
D:2:      layout_rooms, minmay_misc_feat_five
D:3:      layout_loops_ring
D:4:      layout_basic, overflow_temple_1_default, fedhas_altar_1,
          kennysheep_generic_room_11
D:5:      cheibrodos_helix_gallery, layout_layer_cave,
          chequers_serial_rivers_micro_c, kennysheep_okawaru_gauntlet,
          uniq_duvessa
D:6:      layout_rooms, grunt_temple_overflow_open, uniq_pikel,
          uniq_crazy_yiuf_cottage
D:7:      layout_loops_ring, vehumet_altar_wand_db, kennysheep_mini,
          nicolae_overflow_hidden_temple, led_sif_pool,
          minmay_temple_entry_enclosed_plants, serial_shops,
          nicolae_shop_crystal, nicolae_shop_stone, shop, shop,
          minmay_tree_intersection, hangedman_decor_points, lemuel_old_faithful,
          uniq_menkaure
D:8:      layout_loops_cross, dancing_weapons_uskayaw
D:9:      layout_basic, gammafunk_temple_overflow_forgotten, erik_orc_2,
          grunt_tough_drop, uniq_joseph
D:10:     layout_basic, lemuel_flamethrower_2
D:11:     layout_basic, skrybe_limestone_x, nicolae_underground_beach
D:12:     layout_grid_maze, serial_shops, shop, basic_altar
D:13:     layout_loops_corners, hangedman_vaults_entry_quadrant_bands,
          basic_altar, uniq_urug
D:14:     layout_big_octagon, serial_bayou_pond_a, uniq_kirke, uniq_agnes
Temple:   nicolae_temple_figure_zero
Lair:1:   layout_chaotic_city, nzn_random_ring, infiniplex_staircase_pool_2,
          grunt_megastairs_3
Lair:2:   layout_cave_pods, nicolae_volcano_entry_vermiform,
          lemuel_fruit_fields, grunt_megastairs_2
Lair:3:   layout_layer_cave, spider_nest_entry_web_field,
          gauntlet_entry_generic, grunt_megastairs_1, uniq_gastronok
Lair:4:   layout_roguey, swamp_mist, lemuel_fruit_tree
Lair:5:   layout_layer_cave, slime_dummy
Lair:6:   grunt_lair_end_beastmaster, layout_loops_ring, special_room
          [special_room_bee]
Spider:1: layout_spider_delve
Spider:2: layout_spider_delve
Spider:3: layout_spider_delve, uniq_arachne, uniq_bai_suzhen
Orc:1:    layout_caves, mines3_lemuel
Orc:2:    grunt_orc_tribal_feast, layout_caves, serial_shops, shop_fountains,
          nicolae_shop_stone, shop, nicolae_alphabet_shops, uniq_sonja
Elf:1:    layout_gridlike, minmay_elf_necromancy, grunt_ministairs_12,
          einodemon_armed_red_devil_minivault, minmay_shoptagon, uniq_azrael

Skill      XL: |  1  2  3  4  5  6  7  8  9 10 11 12 13 14 15 |
---------------+----------------------------------------------+-----
Unarmed Combat | 4 5 6 7 9 10 11 12 13 14 | 14.4
Fighting       | 3 4 5 |  5.8
Dodging        | 3 4 5 6 7 8 9 10 | 10.5
Armour         | 2 3 5 7 10 12 | 12.6
Evocations     | 1 3 5 6 7 |  7.1
Shields        | 1 4 6 |  6.6
Earth Magic    | 4 8 11 | 11.0
Maces & Flails | 3 |  3.1
Spellcasting   | 2 4 |  4.7
Transmutations | 3 |  3.7
Stealth        | |  1.0

Action                   |  1- 3 |  4- 6 |  7- 9 | 10-12 | 13-15 | 16-18 || total
-------------------------+-------+-------+-------+-------+-------+-------++-------
Melee: Unarmed           |   120 |   120 |   321 |   909 |  1518 |    15 ||  3003
       Punch             |     1 |     3 |     8 |    11 |       |       ||    23
       Whip              |       |       |       |     9 |       |       ||     9
       Flail             |       |       |       |     5 |    43 |       ||    48
       Shillelagh        |       |       |       |       |     4 |       ||     4
 Cast: Petrify           |       |       |       |       |     3 |     2 ||     5
Invok: Curse Item        |       |       |     1 |       |     3 |       ||     4
Evoke: Wand              |       |       |       |     9 |    19 |     6 ||    34
  Use: Scroll            |     3 |     1 |    13 |    11 |    12 |       ||    40
       Potion            |       |       |     1 |     7 |     8 |     3 ||    19
 Stab: Sleeping          |     6 |       |       |       |       |       ||     6
       Paralysed         |       |       |       |       |     2 |       ||     2
       Petrified         |       |       |       |       |     1 |       ||     1
Armor: Robe              |    35 |    23 |       |       |       |       ||    58
       Quicksilver drago |       |       |   166 |   325 |   824 |     7 ||  1322
Dodge: Dodged            |    74 |    58 |   193 |   358 |  1006 |    11 ||  1700
Block: Kite shield       |       |       |       |   330 |  1140 |     4 ||  1474

Table legend: (Time is in decaauts)
 A = Elapsed time spent in this place.
 B = Non-inter-level travel time spent in this place.
 C = Inter-level travel time spent in this place.
 D = Time resting spent in this place.
 E = Time spent auto-exploring this place.
 F = Levels seen in this place.
 G = Mean time per level.
                   A        B        C        D        E       F      G
               +--------+--------+--------+--------+--------+-----+--------+
         Total |  26759 |  25042 |   1717 |   4823 |  14031 |  29 |  922.7 |
       Dungeon |  13650 |  12495 |   1155 |   1884 |   7590 |  14 |  975.0 |
        Temple |    137 |    128 |      9 |      0 |    118 |   1 |  137.0 |
          Lair |   6813 |   6515 |    298 |   1162 |   3933 |   6 | 1135.5 |
   Spider Nest |   2967 |   2921 |     46 |    858 |   1334 |   3 |  989.0 |
  Orcish Mines |   1999 |   1791 |    208 |    478 |    973 |   2 |  999.5 |
   Elven Halls |    213 |    213 |      0 |    100 |      0 |   1 |  213.0 |
       Volcano |    455 |    455 |      0 |    188 |      0 |   1 |  455.0 |
      Gauntlet |    521 |    521 |      0 |    152 |     83 |   1 |  521.0 |
               +--------+--------+--------+--------+--------+-----+--------+

Top non-repeatable levels by time:
     D:9: 2042 daAuts
  Lair:6: 1442 daAuts
    D:11: 1331 daAuts
   Orc:2: 1319 daAuts
     D:5: 1304 daAuts
  Lair:1: 1276 daAuts
    D:12: 1251 daAuts
  Lair:5: 1233 daAuts
     D:4: 1197 daAuts
  Lair:4: 1143 daAuts
    D:13: 1114 daAuts
Spider:1: 1032 daAuts
     D:7: 1019 daAuts
  Lair:2: 1005 daAuts
Spider:3: 981 daAuts
